 Dungeon Crawl Stone Soup version 0.27-a0-1193-g8631133539 (console) character file.

Game seed: 11372799066847251370

855 Hector the Chopper (level 8, -13/60 HPs)
             Began as a Formicid Abyssal Knight on May 26, 2021.
             Was a Priest of Lugonu.
             Killed from afar by a steam dragon (21 damage)
             ... with a ball of steam
             ... on level 7 of the Dungeon.
             The game lasted 00:12:46 (6587 turns).

Hector the Chopper (Formicid Abyssal Knight)        Turns: 6587, Time: 00:12:46

Health: -13/60     AC: 15    Str: 20    XL:     8   Next: 21%
Magic:  10/10      EV:  6    Int: 11    God:    Lugonu [***...]
Gold:   346        SH:  0    Dex: 10    Spells: 7/7 levels left

rFire    . . .     SeeInvis +   a - +0 war axe
rCold    . . .     Faith    .   (no shield)
rNeg     . . .     Spirit   .   l - +0 plate armour
rPois    .         Reflect  .   (helmet unavailable)
rElec    .         Harm     .   (no cloak)
rCorr    .         Rampage  .   (no gloves)
Will     .....                  f - +2 pair of boots
Stlth    ..........             (no amulet)
HPRegen  0.20/turn              (no ring)
MPRegen  0.12/turn              (no ring)

@: no status effects
A: permanent stasis, dig shafts and tunnels, antennae 3, four strong arms
a: Dig, Shaft Self, Renounce Religion, Depart the Abyss, Bend Space, Banish


You were on level 7 of the Dungeon.
You worshipped Lugonu.
Lugonu was most pleased with you.
You visited 1 branch of the dungeon, and saw 7 of its levels.
You visited the Abyss 1 time.

You collected 346 gold pieces.

Inventory:

Hand Weapons
 a - a +0 war axe (weapon)
 o - a +1 hand axe
 v - a +2 dagger of venom
Missiles
 c - 126 stones
 r - 4 poisoned darts
Armour
 b - a +0 leather armour
 d - a +0 ring mail
 f - a +2 pair of boots (worn)
 l - a +0 plate armour (worn)
Magical Staves
 h - a staff of cold
Wands
 t - a wand of flame (10)
Scrolls
 e - 2 scrolls of teleportation {unknown}
 k - 6 scrolls of identify {unknown}
 m - a scroll of blinking {unknown}
 q - 3 scrolls of amnesia {unknown}
 s - a scroll of noise {unknown}
 w - 2 scrolls of fog {unknown}
Potions
 g - a potion of lignification {unknown}
 i - a potion of might {unknown}
 j - a potion of berserk rage {unknown}
 n - a potion of mutation {unknown}
 p - a potion of magic {unknown}
 u - a potion of degeneration {unknown}


   Skills:
 + Level 4.0 Fighting
 * Level 7.0 Axes
 * Level 5.2 Armour
 + Level 0.9 Dodging
 * Level 3.7 Invocations


You had 7 spell levels left.
You didn't know any spells.
Your spell library was empty.

Dungeon Overview and Level Annotations

Branches:
Dungeon (6/15)
 Temple: D:4-7

Altars:
Dithmenos
Elyvilon
Ru
Yredelemnul

Shops:
D:7 :


Innate Abilities, Weirdness & Mutations

You cannot be hasted, slowed, berserked, paralysed or teleported.
You can dig through walls and to a lower floor.
You have a pair of large antennae on your head. (SInv)
Your four strong arms can wield two-handed weapons with a shield.


Message History

The steam dragon barely misses you. The steam dragon claws you.
You hit the steam dragon.
The steam dragon is heavily wounded.
The steam dragon breathes steam at you. The ball of steam hits you!
You extend your mandibles.
You dig through the rock wall.
You retract your mandibles.
You barely miss the steam dragon.
The steam dragon is heavily wounded.
The steam dragon breathes steam at you. The ball of steam hits you.
You closely miss the steam dragon.
The steam dragon is heavily wounded.
You are engulfed in a cloud of scalding steam.
The steam dragon barely misses you.
The steam dragon claws you but does no damage.
The steam dragon bites you but does no damage.
The steam dragon claws you.
Your plate armour prevents you from hitting the steam dragon.
The steam dragon is heavily wounded.
The steam dragon bites you but does no damage.
The steam dragon closely misses you.
You closely miss the steam dragon.
The steam dragon is heavily wounded.
The steam dragon barely misses you.
The steam dragon claws you but does no damage.
You hit the steam dragon but do no damage.
The steam dragon is heavily wounded.
The steam dragon breathes steam at you. The ball of steam hits you!!
* * * LOW HITPOINT WARNING * * *
You hear a shout!
Unknown command.
You extend your mandibles.
You dig through the rock wall.
You retract your mandibles.
You slash the steam dragon!
The steam dragon is almost dead.
The steam dragon breathes steam at you. The ball of steam hits you!!
You die...

..##.......# #...#
............)# #...#
...##[......# #####
# ###.###.......###
##.#..$........#...#
.....)...##.##∩....#
.......#.##.########
.......#.##.#####
.....<....{.#.#@#
.......#(###§#D##
.....{.#.# #####
...{{..#.>
..g..$.##.. ..<....
... ....... ....
.....## ...##


You could see a steam dragon (catching breath).

Vanquished Creatures
  A necrophage (D:3)
  A centaur (D:4)
  3 scorpions
  A water moccasin skeleton (D:4)
  A bullfrog skeleton (D:4)
  A bullfrog zombie (D:6)
  4 hounds
  2 orc priests (D:4)
  A jelly (D:3)
  2 gnolls (D:7)
  6 adders
  3 white imps
  An adder skeleton (D:4)
  4 worms
  A dart slug (D:4)
  4 orcs (D:4)
  9 endoplasms
  3 giant cockroaches
  4 goblins
  5 hobgoblins
  11 jackals
  5 quokkas
  6 ball pythons
  A ball python skeleton (D:2)
  2 bats (D:3)
  2 frilled lizards
  8 kobolds
  15 rats
107 creatures vanquished.

Notes
Turn   | Place    | Note
-------+----------+-------------------------------------------
     0 | Abyss:1  | Hector the Formicid Abyssal Knight began the quest for the
                  | Orb.
     0 | Abyss:1  | Reached XP level 1. HP: 18/18 MP: 2/2
    10 | D:1      | Escaped the Abyss
   413 | D:1      | Reached XP level 2. HP: 24/24 MP: 3/3
   713 | D:1      | Reached skill level 3 in Axes
   947 | D:1      | Reached XP level 3. HP: 24/29 MP: 4/4
  1363 | D:2      | Noticed a scorpion
  1456 | D:2      | Reached ** piety under Lugonu
  2100 | D:2      | Reached skill level 4 in Axes
  2100 | D:2      | Reached XP level 4. HP: 35/35 MP: 5/5
  2212 | D:2      | Found a faded altar of an unknown god.
  2459 | D:2      | Killed a scorpion
  2460 | D:2      | Reached XP level 5. HP: 23/41 MP: 6/6
  2704 | D:3      | Noticed a necrophage
  2822 | D:3      | Found a basalt altar of Yredelemnul.
  2994 | D:3      | Found a shadowy altar of Dithmenos.
  3006 | D:3      | Found a white marble altar of Elyvilon.
  3468 | D:3      | Found a sacrificial altar of Ru.
  3641 | D:3      | Reached XP level 6. HP: 46/47 MP: 7/7
  3738 | D:4      | Reached skill level 5 in Axes
  3901 | D:3      | Killed a necrophage
  4032 | D:4      | Reached XP level 7. HP: 46/53 MP: 9/9
  4262 | D:4      | Reached skill level 6 in Axes
  4439 | D:4      | Reached *** piety under Lugonu
  5064 | D:5      | Entered Level 5 of the Dungeon
  5879 | D:6      | Reached XP level 8. HP: 56/60 MP: 10/10
  5917 | D:6      | Reached skill level 5 in Armour
  6041 | D:6      | You fall into a shaft and drop 1 floor!
  6361 | D:7      | Found Topyrgh's Book Emporium.
  6395 | D:7      | Reached skill level 7 in Axes
  6587 | D:7      | Killed from afar by a steam dragon

Illustrated notes

Levels and vault maps discovered:
D:1:      dpeg_arrival_signposts, layout_basic
D:2:      layout_loops_ring, hellmonk_ecumenical_altar_zigzags,
          lightli_corner_chamber
D:3:      layout_loops_ring, nicolae_overflow_quartered_altars,
          serial_park_tiny_2
D:4:      layout_loops_ring, glass_columns_a
D:5:      minmay_general_purpose_star, layout_loops_corners,
          minmay_temple_entry_fiery
D:6:      layout_basic, cheibriados_altar_1, grunt_ministairs_5,
          kennysheep_small_circle
D:7:      layout_rooms, serial_shops, shop

Skill      XL: |  1  2  3  4  5  6  7  8 |
---------------+-------------------------+-----
Axes           | 3 4 5 6 7 |  7.0
Armour         | 3 4 5 |  5.2
Invocations    | 3 |  3.7
Fighting       | 4 |  4.0
Dodging        | |  0.9

Action                   |  1- 3 |  4- 6 |  7- 9 || total
-------------------------+-------+-------+-------++-------
Melee: Hand axe          |    97 |    26 |       ||   123
       War axe           |       |   101 |   181 ||   282
 Abil: Dig               |     1 |     2 |     7 ||    10
       Shaft Self        |       |       |     1 ||     1
Armor: Ring mail         |    30 |       |       ||    30
       Plate armour      |       |   113 |   150 ||   263
Dodge: Dodged            |    47 |    34 |    56 ||   137

Table legend: (Time is in decaauts)
 A = Elapsed time spent in this place.
 B = Non-inter-level travel time spent in this place.
 C = Inter-level travel time spent in this place.
 D = Time resting spent in this place.
 E = Time spent auto-exploring this place.
 F = Levels seen in this place.
 G = Mean time per level.
                   A        B        C        D        E       F      G
               +--------+--------+--------+--------+--------+-----+--------+
         Total |   6675 |   6302 |    373 |   1425 |   3567 |   8 |  834.4 |
       Dungeon |   6665 |   6292 |    373 |   1425 |   3563 |   7 |  952.1 |
         Abyss |     10 |     10 |      0 |      0 |      4 |   1 |   10.0 |
               +--------+--------+--------+--------+--------+-----+--------+

Top non-repeatable levels by time:
     D:2: 1576 daAuts
     D:4: 1415 daAuts
     D:3: 1271 daAuts
     D:1: 1176 daAuts
     D:7: 552 daAuts
     D:5: 395 daAuts
     D:6: 279 daAuts
 Abyss:1: 10 daAuts
